 Dungeon Crawl Stone Soup version 0.31.0-32-g396128a36d (webtiles) character file.

Game seed: 15419168118810771062

6553 AdnanSaban the Basher (level 11, -2/68 HPs)
             Began as a Gargoyle Fighter on Apr 14, 2024.
             Shot with an arrow by a centaur (7 damage)
             ... on level 9 of the Dungeon.
             The game lasted 00:15:46 (8900 turns).

AdnanSaban the Basher (Gargoyle Fighter)            Turns: 8900, Time: 00:15:47

Health: -2/68      AC: 26    Str: 24    XL:     11   Next: 1%
Magic:  11/11      EV:  7    Int:  9    God:
Gold:   507        SH:  5    Dex:  9    Spells: 10/10 levels left

rFire   . . .        y - +2 flail (protect)
rCold   . . .        c - +0 buckler
rNeg    + . .        s - +0 plate armour
rPois   ∞            w - +0 helmet
rElec   +            J - +0 cloak
rCorr   .            (no gloves)
SInv    .            G - +0 pair of boots
Will    .....        (no amulet) Stlth
                     (no ring)
HPRegen 0.31/turn    (no ring)
MPRegen 0.12/turn

%: no passive effects
@: no status effects
A: sickness immunity, AC +8, negative energy resistance 1, electricity
resistance, torment resistance 1, petrification resistance
a: no special abilities


You were on level 9 of the Dungeon.
You visited 2 branches of the dungeon, and saw 11 of its levels.
You also visited: Sewer.

You collected 507 gold pieces.

Inventory:

Hand Weapons
 y - a +2 flail of protection (weapon)
 P - a +1 heavy morningstar
Missiles
 e - 14 poisoned darts (quivered)
 j - 5 silver javelins
 m - 2 throwing nets
 A - 4 atropa-tipped darts
 H - a boomerang
 N - 6 curare-tipped darts
Armour
 c - a +0 buckler (worn)
 s - a +0 plate armour (worn)
 w - a +0 helmet (worn)
 G - a +0 pair of boots (worn)
 J - a +0 cloak (worn)
Jewellery
 Q - a ring of magical power
Wands
 r - a wand of flame (32)
 z - a wand of acid (7)
 D - a wand of paralysis (22)
 I - a wand of digging (4)
 M - a wand of iceblast (8)
 S - a wand of polymorph (5)
Scrolls
 f - 3 scrolls of fear {unknown}
 h - 2 scrolls of blinking {unknown}
 i - 2 scrolls of fog {unknown}
 n - 6 scrolls of teleportation {unknown}
 o - 9 scrolls of identify {unknown}
 p - a scroll of enchant armour {unknown}
 q - 2 scrolls of revelation {unknown}
 t - 2 scrolls of torment {unknown}
 u - 2 scrolls of brand weapon {unknown}
 v - a scroll of enchant weapon {unknown}
 B - a scroll of immolation {unknown}
 K - a scroll of acquirement {unknown}
 T - a scroll of amnesia {unknown}
Potions
 a - 4 potions of enlightenment
 b - 4 potions of curing
 d - a potion of might
 g - 2 potions of attraction {unknown}
 k - 3 potions of invisibility {unknown}
 l - 5 potions of heal wounds
 x - a potion of brilliance {unknown}
 C - 2 potions of mutation {unknown}
 E - a potion of resistance {unknown}
 F - a potion of magic {unknown}
 L - a potion of berserk rage {unknown}
 O - a potion of cancellation {unknown}
 R - a potion of lignification {unknown}


   Skills:
 + Level 8.0 Fighting
 + Level 11.3 Maces & Flails
 + Level 3.0 Throwing
 + Level 8.5 Armour
 + Level 1.5 Dodging
 + Level 1.2 Stealth
 + Level 6.8 Shields


You had 10 spell levels left.
You didn't know any spells.
Your spell library contained the following spells:

 Spells                   Type           Power      Damage    Failure   Level
 Apportation              Tloc           0%         N/A       99%         1
 Magic Dart               Conj           0%         1d3       99%         1
 Necrotise                Necr           0%         1d4       99%         1
 Jinxbite                 Hex            0%         N/A       100%        2
 Lesser Beckoning         Tloc           0%         N/A       100%        2
 Mercury Vapours          Alch/Air       0%         N/A       100%        2
 Searing Ray              Conj           0%         2d4       100%        2
 Mephitic Cloud           Conj/Alch/Air  0%         N/A       100%        3
 Fulminant Prism          Conj/Alch      0%         3d5       100%        4
 Alistair's Intoxication  Alch           0%         N/A       100%        5
 Borgnjor's Vile Clutch   Necr/Erth      0%         N/A       100%        5
 Freezing Cloud           Conj/Ice/Air   0%         6-21      100%        5
 Summon Forest            Summ/Tloc      0%         N/A       100%        5
 Summon Mana Viper        Hex/Summ       0%         N/A       100%        5
 Dispersal                Tloc           0%         N/A       100%        6
 Summon Cactus Giant      Summ           0%         N/A       100%        6


Dungeon Overview and Level Annotations

Branches:
Dungeon (10/15)            Temple (1/1) D:6            Lair (0/5) D:9
  Sewer (visited)
    Orc: D:9-12

Altars:
Ashenzari
Cheibriados
Dithmenos
Fedhas
Gozag
Hepliaklqana
Kikubaaqudgha
Makhleb
Nemelex Xobeh
Qazlal
Ru
Sif Muna
Trog
Uskayaw
Vehumet
Wu Jian
Xom
Yredelemnul
Zin
The Shining One

Shops:
D:3 *   D:7 [   D:9 [

Annotations:
D:8 1 runed translucent door


Innate Abilities, Weirdness & Mutations

You are immune to sickness and miasma.
Your stone body is resilient. (AC +8)
You are immune to poison.
You resist negative energy. (rN+)
You are resistant to electric shocks. (rElec)
You are resistant to unholy torment.
You are immune to petrification.


Message History

The centaur shoots an arrow.
The arrow hits you.
* * * LOW HITPOINT WARNING * * *
The centaur shoots an arrow.
The arrow hits you but does no damage.
The centaur shoots an arrow.
The arrow hits you.
* * * LOW HITPOINT WARNING * * *
The centaur shoots an arrow.
The arrow hits you.
* * * LOW HITPOINT WARNING * * *
The centaur shoots an arrow.
The arrow hits you but does no damage.
The centaur shoots an arrow.
The arrow barely misses you.
The centaur shoots an arrow.
The arrow hits you but does no damage.
The centaur shoots an arrow.
You block the arrow.
The centaur shoots an arrow.
The arrow hits you but does no damage.
The centaur shoots an arrow.
The arrow hits you but does no damage.
The centaur shoots an arrow.
The arrow closely misses you.
The centaur shoots an arrow.
The arrow hits you!
* * * LOW HITPOINT WARNING * * *
The centaur shoots an arrow.
The arrow hits you but does no damage.
The centaur shoots an arrow.
The arrow hits you but does no damage.
The centaur shoots an arrow.
The arrow hits you.
* * * LOW HITPOINT WARNING * * *
The centaur shoots an arrow.
The arrow completely misses you.
The centaur shoots an arrow.
The arrow hits you but does no damage.
The centaur shoots an arrow.
The arrow hits you but does no damage.
Okay, then.
You feel better.
The centaur shoots an arrow.
The arrow barely misses you.
The centaur shoots an arrow.
The arrow hits you but does no damage.
The centaur shoots an arrow.
The arrow hits you but does no damage.
The centaur shoots an arrow.
The arrow hits you but does no damage.
The centaur shoots an arrow.
The arrow hits you.
* * * LOW HITPOINT WARNING * * *
The centaur shoots an arrow.
The arrow hits you but does no damage.
The centaur shoots an arrow.
The arrow hits you but does no damage.
The centaur shoots an arrow.
The arrow hits you but does no damage.
The centaur shoots an arrow.
The arrow hits you.
* * * LOW HITPOINT WARNING * * *
The centaur shoots an arrow.
You block the arrow.
The centaur shoots an arrow.
The arrow hits you but does no damage.
The centaur shoots an arrow.
You block the arrow.
The centaur shoots an arrow.
The arrow hits you!
You die...

..................#
.................##
................##
..(............##
..............##
...............###
............#....#
...........##.##.##
.......≈≈≈≈≈≈.##@.#
.....≈≈≈≈≈≈≈≈≈≈≈#.###
....≈≈≈≈≈..≈≈≈≈≈≈...#
..≈≈≈≈≈≈.####.≈≈≈≈#.##
.≈≈≈≈≈≈≈c ##c≈≈≈≈..#
≈≈≈≈≈≈≈≈. #cc≈≈≈..#
≈≈≈≈≈≈≈.. #.cc≈≈≈#.#
≈≈≈≈≈≈≈. #...c≈≈≈≈.#
≈≈≈≈≈≈≈. #...≈≈≈≈≈.#


You could see 6 centaurs.

Vanquished Creatures
  A two-headed ogre (D:8)
  Pikel (D:4)
  Maurice (D:9)
  A manticore (D:9)
  Prince Ribbit (D:6)
  A hornet (D:9)
  A wyvern (D:9)
  Eustachio (D:6)
  A warg (D:8)
  2 steam dragons
  Menkaure (D:7)
  6 orc warriors
  3 ice beasts
  A sky beast (D:7)
  A black bear (D:5)
  3 ogres
  2 wolves (D:9)
  2 centaurs
  4 phantoms
  A kobold brigand (Sewer)
  A gnoll sergeant (D:5)
  2 scorpions
  4 wights (D:7)
  A howler monkey (D:9)
  2 hounds (D:6)
  7 orc priests
  4 bombardier beetles
  2 jellies
  Crazy Yiuf (D:7)
  A gnoll bouda (D:8)
  2 iguanas
  Terence (D:3)
  16 orc wizards
  20 gnolls
  6 adders
  2 river rats (Sewer)
  A white imp (D:8)
  2 ufetubi (D:6)
  A dart slug (D:1)
  3 ribbon worms
  40 orcs
  11 endoplasms
  5 giant cockroaches
  3 hobgoblins
  13 jackals
  5 quokkas
  7 ball pythons
  4 bats
  A frilled lizard (D:1)
  4 goblins
  15 kobolds
  4 rats
226 creatures vanquished.

Notes
Turn   | Place    | Note
-------+----------+-------------------------------------------
     0 | D:1      | AdnanSaban the Gargoyle Fighter began the quest for the
                  | Orb.
     0 | D:1      | Reached XP level 1. HP: 14/14 MP: 1/1
   260 | D:1      | Reached XP level 2. HP: 19/19 MP: 2/2
   692 | D:2      | Reached XP level 3. HP: 17/23 MP: 3/3
  1088 | D:2      | Reached XP level 4. HP: 22/29 MP: 4/4
  1548 | D:3      | Found Ciqaroxa's General Store.
  1560 | D:3      | Noticed Terence
  1569 | D:3      | Killed Terence
  1570 | D:3      | Reached skill level 3 in Maces & Flails
  1758 | D:3      | Found an opulent altar of Gozag.
  2294 | D:4      | Noticed a lemure
  2294 | D:4      | Noticed a lemure
  2294 | D:4      | Noticed a lemure
  2294 | D:4      | Noticed a lemure
  2330 | D:4      | Found a hide-covered altar of Uskayaw.
  2392 | D:4      | Noticed a scorpion
  2398 | D:4      | Killed a scorpion
  2399 | D:4      | Reached XP level 5. HP: 29/33 MP: 5/5
  2416 | D:5      | Entered Level 5 of the Dungeon
  2416 | D:5      | Noticed an ice beast
  2425 | D:5      | Killed an ice beast
  2426 | D:5      | Reached skill level 4 in Maces & Flails
  2426 | D:5      | Reached XP level 6. HP: 18/38 MP: 6/6
  2437 | D:5      | Reached skill level 5 in Armour
  2659 | D:4      | Found a glowing drain.
  2680 | Sewer    | Entered a sewer
  2690 | Sewer    | Reached XP level 7. HP: 38/44 MP: 7/7
  2778 | Sewer    | Reached skill level 5 in Maces & Flails
  2790 | Sewer    | Found a white marble altar of Elyvilon.
  3175 | D:4      | Reached skill level 6 in Maces & Flails
  3298 | D:4      | Noticed Pikel
  3306 | D:4      | Killed Pikel
  3307 | D:4      | Reached skill level 5 in Fighting
  3307 | D:4      | Reached skill level 1 in Dodging
  3307 | D:4      | Reached XP level 8. HP: 44/49 MP: 8/8
  3676 | D:5      | Reached skill level 7 in Maces & Flails
  4233 | D:6      | Found a staircase to the Ecumenical Temple.
  4242 | Temple   | Entered the Ecumenical Temple
  4327 | D:6      | Reached skill level 8 in Maces & Flails
  4406 | D:6      | Reached skill level 1 in Throwing
  4406 | D:6      | Reached XP level 9. HP: 36/55 MP: 9/9
  4535 | D:6      | Reached skill level 5 in Shields
  4592 | D:6      | Noticed Eustachio
  4617 | D:6      | Killed Eustachio
  4749 | D:6      | Noticed Prince Ribbit
  4768 | D:6      | Killed Prince Ribbit
  4833 | D:6      | Found a glowing silver altar of Zin.
  5244 | D:7      | Noticed Menkaure
  5251 | D:7      | Killed Menkaure
  5252 | D:7      | Reached skill level 9 in Maces & Flails
  5252 | D:7      | Reached skill level 1 in Stealth
  5713 | D:7      | Identified the +4 buckler of Valour {^Contam rN++ Int+5}
  5820 | D:7      | Found a runed translucent door.
  5821 | D:7      | Noticed Crazy Yiuf
  5854 | D:7      | Found Socwufut's Antique Armour Boutique.
  6020 | D:7      | Reached XP level 10. HP: 47/61 MP: 10/10
  6176 | D:7      | Killed Crazy Yiuf
  6177 | D:7      | Reached skill level 10 in Maces & Flails
  6286 | D:8      | Found a runed translucent door.
  6435 | D:8      | Found a blossoming altar of Fedhas.
  6681 | D:8      | Noticed a two-headed ogre
  6695 | D:8      | Killed a two-headed ogre
  6828 | D:8      | Found a broken altar of Ashenzari.
  6832 | D:8      | Saw a vision of the Swamp and the Snake Pit.
  6832 | D:8      | Noticed an eleionoma
  6832 | D:8      | Noticed an alligator
  6832 | D:8      | Noticed a spriggan druid
  6832 | D:8      | Noticed an eleionoma
  6832 | D:8      | Noticed a bog body
  6832 | D:8      | Noticed a naga warrior
  6832 | D:8      | Noticed an anaconda
  6833 | D:8      | Noticed a black mamba
  6833 | D:8      | Noticed a will-o-the-wisp
  7096 | D:8      | Found an ancient bone altar of Kikubaaqudgha.
  7096 | D:8      | Found a radiant altar of Vehumet.
  7430 | D:8      | Got Kikubaaqudgha's Almanac of the Damned
  7443 | D:8      | Found a shimmering blue altar of Sif Muna.
  7490 | D:9      | Noticed Maurice
  7516 | D:9      | Reached skill level 11 in Maces & Flails
  8065 | D:9      | Found Bifus's Armour Shop.
  8078 | D:9      | Something stole a ring of magical power
  8079 | D:9      | Something stole a +1 heavy morningstar
  8083 | D:9      | Killed Maurice
  8204 | D:9      | Found a staircase to the Lair.
  8353 | D:9      | Found a basalt altar of Yredelemnul.
  8363 | D:9      | Noticed a manticore
  8377 | D:9      | Killed a manticore
  8585 | D:10     | Entered Level 10 of the Dungeon
  8653 | D:9      | Identified the +8 short sword of Collusion {elec, *Corrode
                  | rElec rN+++}
  8673 | D:9      | Reached XP level 11. HP: 51/68 MP: 11/11
  8847 | D:9      | Got the Atlas of Earthen Locality
  8900 | D:9      | Shot with an arrow by a centaur

Illustrated notes

Levels and vault maps discovered:
D:1:      beargit_arrival_diablo_church, layout_basic
D:2:      layout_rooms, serial_glass, glass_columns_a, glass_columns_b,
          glass_columns_a, glass_columns_b, glass_columns_a, glass_columns_a,
          glass_columns_a, glass_columns_c
D:3:      layout_basic, grunt_gozag_statues, serial_shops, shop, serial_glass,
          glass_columns_a, glass_columns_b, uniq_terence
D:4:      layout_basic, mainiacjoe_overflow_catwalk,
          cheibrodos_sewer_entry_bend, minmay_diced_spiral, uniq_pikel
D:5:      layout_loops_ring
D:6:      layout_basic, mainiacjoe_overflow_tiny_flanked,
          minmay_temple_entry_waves, uniq_eustachio, uniq_prince_ribbit1
D:7:      layout_loops_ring, serial_shops, nicolae_shop_real_fake_doors,
          hangedman_decor_peaks_small, nicolae_kite_square_tiling_tiny,
          uniq_crazy_yiuf_cottage, uniq_menkaure
D:8:      gammafunk_indiana_jones, layout_gridville,
          palyth_temple_overflow_mages, fedhas_ov_isle_minmay,
          grunt_ashenzari_visionary [grunt_ashenzari_visionary_swamp,
          grunt_ashenzari_visionary_snake], billiards_dpeg
D:9:      layout_big_octagon, kennysheep_mini, erik_lair_orcish_takeover,
          serial_shops, shop, centaur_isle, uniq_maurice
D:10:     layout_layer_cave, kennysheep_okawaru_gauntlet, elyvilon_altar_1,
          orc_0_dummy, serial_shops, nicolae_take_the_stairs,
          serial_bayou_lagoon_a, nicolae_elemental_shop
Temple:   chequers_temple_sunken

Skill      XL: |  1  2  3  4  5  6  7  8  9 10 |
---------------+-------------------------------+-----
Maces & Flails | 3 4 6 8 9 11 | 11.3
Armour         | 4 5 6 7 8 |  8.5
Fighting       | 4 5 6 8 |  8.0
Shields        | 4 5 6 |  6.8
Dodging        | 1 |  1.5
Throwing       | 1 2 3 |  3.0
Stealth        | 1 |  1.2

Action                     |  1- 3 |  4- 6 |  7- 9 | 10-12 || total
---------------------------+-------+-------+-------+-------++-------
  Melee: Flail             |   173 |   117 |   377 |   300 ||   967
  Throw: Dart              |       |     2 |    24 |    33 ||    59
    Use: Potion            |       |       |       |     1 ||     1
 Armour: Scale mail        |   148 |     5 |       |       ||   153
         Plate armour      |       |   101 |   306 |   368 ||   775
  Dodge: Dodged            |   104 |    36 |   103 |   101 ||   344
  Block: Buckler           |    51 |    30 |    88 |    72 ||   241
